 Dungeon Crawl Stone Soup version 0.23.2-30-g0e89c35649 (webtiles) character file.

Game seed: 5496862108205843082

218 Moridin the Skirmisher (level 5, 0/85 HPs)
             Began as an Ogre Berserker on June 8, 2019.
             Was a Priest of Trog.
             Succumbed to a worker ant's poison
             ... on level 4 of the Dungeon.
             The game lasted 00:40:18 (2493 turns).

Moridin the Skirmisher (Ogre Berserker)             Turns: 2493, Time: 00:40:19

Health: 0/85       AC:  3    Str: 24 (26) XL:     5   Next: 95%
Magic:  5/5        EV: 10    Int:  8      God:    Trog [***...]
Gold:   195        SH:  0    Dex:  7 (9)  Spells: 4/4 levels left

rFire    . . .     SeeInvis .   q - +0 war axe
rCold    . . .     Gourm    .   (no shield)
rNeg     + . .     Faith    .   b - +0 animal skin
rPois    .         Spirit   .   (helmet restricted)
rElec    .         Reflect  .   (no cloak)
rCorr    .         Harm     .   (gloves unavailable)
MR       ++...                  (boots unavailable)
Stlth    ..........             (no amulet)
HPRegen  1.24/turn              d - ring of positive energy
MPRegen  0.09/turn              (no ring)

@: berserking (expiring), lethally poisoned (0 -> -4), regenerating, very quick
A: large, unfitting armour, tough skin 1
a: Berserk, Trog's Hand, Renounce Religion


You were on level 4 of the Dungeon.
You worshipped Trog.
Trog was most pleased with you.
You were hungry.

You visited 1 branch of the dungeon, and saw 4 of its levels.

You collected 195 gold pieces.

Inventory:

Hand Weapons
 a - a +0 mace
 n - a +0 hunting sling
 q - a +0 war axe (weapon)
Missiles
 e - 30 sling bullets
 h - 40 arrows
 i - 48 poisoned needles
 k - 54 stones (quivered)
Armour
 b - a +0 animal skin (worn)
 l - a +0 cloak
 o - a +0 cloak
Jewellery
 d - a ring of positive energy (left hand)
Scrolls
 f - 6 scrolls of identify
 g - 3 scrolls of remove curse
 j - a scroll of enchant armour {unknown}
 m - a scroll of teleportation {unknown}
Potions
 p - a potion of ambrosia {unknown}
Comestibles
 c - 3 rations


   Skills:
 + Level 5.0 Fighting
 * Level 1.5(3.2) Axes
 - Level 4.0(4.2) Maces & Flails
 + Level 0.9 Throwing
 + Level 3.8 Dodging
 + Level 0.7 Stealth


You had 4 spell levels left.
You didn't know any spells.
Your spell library was empty.

Dungeon Overview and Level Annotations

Branches:
Dungeon (4/15)
 Temple: D:4-7

Altars:
Gozag
Okawaru
Ru
Vehumet
Xom
Yredelemnul


Innate Abilities, Weirdness & Mutations

You are too large for most types of armour.
You have tough skin. (AC +1)


Message History

* * * LOW HITPOINT WARNING * * *
You are more poisoned.
The worker ant poisons you!
You closely miss the worker ant.
The worker ant is heavily wounded.
* * * LOW HITPOINT WARNING * * *
You feel sick. The worker ant barely misses you.
You closely miss the worker ant.
The worker ant is heavily wounded.
You feel the effects of Trog's Hand fading.
You feel sick. The worker ant bites you.
* * * LOW HITPOINT WARNING * * *
You are more poisoned.
The worker ant poisons you!
You are too berserk!
You slash the worker ant!
You kill the worker ant!
Trog accepts your kill.
Your Fighting skill increases to level 5!
You die...

#######
##.....##
##.......##
#.....@...#
#........)#
#.........#
#.......$.#
...........#
##.........#
#.........#
#.........#


There were no monsters in sight!

Vanquished Creatures
  An orc priest (D:3)
  An orc wizard (D:3)
  2 worker ants (D:4)
  2 adders
  An ooze (D:1)
  2 dart slugs
  7 orcs (D:3)
  3 giant cockroaches
  10 goblins
  11 hobgoblins
  3 jackals (D:2)
  2 quokkas (D:3)
  6 bats
  3 frilled lizards
  9 kobolds
  13 rats
76 creatures vanquished.

Notes
Turn   | Place    | Note
-------+----------+-------------------------------------------
     0 | D:1      | Moridin the Ogre Berserker began the quest for the Orb.
     0 | D:1      | Reached XP level 1. HP: 24/24 MP: 1/1
    69 | D:1      | Reached XP level 2. HP: 13/32 MP: 2/2
   381 | D:1      | Reached ** piety under Trog
   408 | D:1      | Reached XP level 3. HP: 34/40 MP: 3/3
  1033 | D:2      | Reached XP level 4. HP: 27/49 MP: 4/4
  1071 | D:2      | Found an iron altar of Okawaru.
  1074 | D:2      | Found a shimmering altar of Xom.
  1091 | D:2      | Found a sacrificial altar of Ru.
  1091 | D:2      | Found a basalt altar of Yredelemnul.
  1092 | D:2      | Found an opulent altar of Gozag.
  1097 | D:2      | Found a radiant altar of Vehumet.
  1667 | D:3      | Reached XP level 5. HP: 17/55 MP: 5/5
  1953 | D:3      | Reached *** piety under Trog
  2480 | D:4      | Reached skill level 1 in Axes
  2490 | D:4      | HP: 3/82 [worker ant (4)]
  2492 | D:4      | HP: 1/82 [worker ant (2)]
  2493 | D:4      | Reached skill level 5 in Fighting
  2493 | D:4      | Succumbed to a worker ant's poison

Skill      XL: |  1  2  3  4  5 |
---------------+----------------+-----
Maces & Flails | 3 4 |  4.0
Dodging        | 3 |  3.8
Axes           | 1 |  1.5
Fighting       | 5 |  5.0
Throwing       | |  0.9
Stealth        | |  0.7

Action                   |  1- 3 |  4- 6 || total
-------------------------+-------+-------++-------
Melee: Mace              |   141 |    62 ||   203
       War axe           |       |    43 ||    43
Throw: Stone             |     5 |    42 ||    47
Invok: Trog's Hand       |     1 |     1 ||     2
       Berserk           |       |     2 ||     2
  Use: Potion            |     2 |     3 ||     5
       Scroll            |     2 |       ||     2
 Stab: Sleeping          |       |     1 ||     1
  Eat: Ration            |     1 |     1 ||     2
Armor: Animal skin       |    37 |    13 ||    50
Dodge: Dodged            |    91 |    67 ||   158
